 Dungeon Crawl Stone Soup version 0.21-a0-155-gb8a8bae (webtiles) character file.

136619 tsouns the Hand of Fortune (level 17, -19/137 HPs)
             Began as a Human Monk on Aug 2, 2017.
             Was the Champion of Nemelex Xobeh.
             Killed from afar by a spark wasp (23 damage)
             ... with a living lightning
             ... on level 4 of the Spider Nest on Aug 3, 2017.
             The game lasted 02:20:47 (33264 turns).

tsouns the Hand of Fortune (Human Monk)            Turns: 33264, Time: 02:20:47

Health: -19/137    AC: 32    Str: 19    XL:     17   Next: 81%
Magic:  8/28       EV: 10    Int: 10    God:    Nemelex Xobeh [******]
Gold:   1615       SH: 12    Dex: 16    Spells: 7/16 levels left

rFire    . . .     SeeInvis +   G - +6 demon blade (slice)
rCold    + . .     Gourm    .   B - +0 shield
rNeg     . . .     Faith    +   D - +3 plate armour {rC+}
rPois    +         Spirit   .   Z - +2 helmet {SInv}
rElec    .         Reflect  .   f - +2 cloak
rCorr    .         Harm     .   A - +2 pair of gloves
MR       +....                  L - +2 pair of boots
Stlth    ..........             w - amulet of faith
HPRegen  0.32/turn              p - ring of poison resistance
MPRegen  0.21/turn              (no ring)

@: about to teleport, very slightly contaminated
A: no striking features
a: Triple Draw, Deal Four, Stack Five, Renounce Religion


You were on level 4 of the Spider Nest.
You worshipped Nemelex Xobeh.
Nemelex Xobeh was exalted by your worship.
You were not hungry.

You visited 4 branches of the dungeon, and saw 27 of its levels.
You also visited: Labyrinth.

You collected 2813 gold pieces.
You spent 1198 gold pieces at shops.

Inventory:

Hand Weapons
 G - a +6 demon blade of slicing (weapon)
Missiles
 O - 5 steel tomahawks (quivered)
Armour
 f - a +2 cloak (worn)
 A - a +2 pair of gloves (worn)
 B - a +0 shield (worn)
 D - a +3 plate armour of cold resistance (worn)
 L - a +2 pair of boots (worn)
 Z - a +2 helmet of see invisible (worn)
Jewellery
 p - a ring of poison resistance (left hand)
 w - an amulet of faith (around neck)
Wands
 i - a wand of digging (13/24)
 r - a wand of clouds (3/9)
Scrolls
 l - a scroll of teleportation
 E - a scroll of silence
 H - 5 scrolls of recharging
 M - 6 scrolls of remove curse
 Q - a scroll of magic mapping
 R - 2 scrolls of fog
 U - 5 scrolls of fear
 V - 13 scrolls of identify
 X - a scroll of holy word
Potions
 b - 2 potions of cancellation
 j - 5 potions of agility
 n - 2 potions of invisibility
 o - 5 potions of curing
 q - 3 potions of berserk rage
 u - a potion of resistance
 K - 3 potions of flight
Miscellaneous
 a - an ornate deck of escape {drawn: 10}
 d - a legendary deck of destruction
 e - a plain deck of escape
 g - a legendary deck of destruction
 m - a legendary deck of destruction
 v - an ornate deck of destruction
 x - a legendary deck of summoning
 z - an ornate deck of escape
 C - a legendary deck of summoning {drawn: 3}
 F - an ornate deck of destruction {drawn: 4}
 J - a legendary deck of destruction
 N - a legendary deck of destruction
 S - a legendary deck of escape
 W - a legendary deck of summoning
 Y - a legendary deck of destruction
Comestibles
 c - 9 bread rations
 t - 8 meat rations
 P - 9 royal jellies


   Skills:
 - Level 13.4 Fighting
 - Level 14.4 Long Blades
 + Level 12.1 Armour
 - Level 9.4 Dodging
 - Level 3.7 Stealth
 * Level 11.1 Shields
 + Level 15.3 Invocations
 - Level 1.6 Evocations


You had 7 spell levels left.
You knew the following spells:

 Your Spells              Type           Power        Failure   Level  Hunger
a - Fire Storm            Conj/Fire      #.........   100%        9    #######


Dungeon Overview and Level Annotations

Branches:
Dungeon (15/15)            Temple (0/1) D:7            Lair (6/6) D:10
  Swamp (0/4) Lair:4       Spider (4/4) Lair:4        Slime (0/5) Lair:6
    Orc (2/2) D:11            Elf (0/3) Orc:2        Vaults (0/5) D:13
 Depths (0/5) D:15

Altars:
Ashenzari
Elyvilon
Gozag
Kikubaaqudgha
Nemelex Xobeh
Qazlal
Ru
Sif Muna
Trog
Vehumet
Wu Jian
Xom
Yredelemnul
Zin
The Shining One
Jiyva

Shops:
D:12 ?   Orc:1 %   Orc:2 ?}?(

Portals:
Pandemonium: Orc:2

Annotations:
D:10 1 runed door


Message History

As you read the scroll of teleportation, it crumbles to dust.
You feel strangely unstable. The hornet stings you!
* * * LOW HITPOINT WARNING * * *
The spark wasp bursts into living lightning!
The living lightning hits you!
* * * LOW HITPOINT WARNING * * *
The spark wasp blinks!
You block the moth of wrath's attack. The emperor scorpion stings you!!
* * * LOW HITPOINT WARNING * * *
You block the emperor scorpion's attack.
The emperor scorpion claws you but does no damage.
The hornet stings you but does no damage.
The moth of wrath bites you but does no damage.
Blink to where?
Press: ? - help, Dir - move target cursor
As you read the scroll of blinking, it crumbles to dust.
The spark wasp bursts into living lightning!
The living lightning hits you!
You die...
Your body glows slightly and disappears.

#... .# #.###.^#
.......# ..^##..#
..#.## #....### ######
###....# ##≈#..## ###
###..# ##..≈^.≈# ##.#
##...# ##≈.[.@.†####
##..## #....#
#.....≈††.≈≈## #...≈#
#..###
##≈.≈####≈...≈####≈≈≈#
##^.# #...##
##≈≈≈≈yy≈†#≈≈## ##..#
#≈...###.≈≈##s§§..≈≈#
#...#
#≈...≈##.≈≈.##y.††≈##
#...#
##≈...###...###≈≈..≈#
#.##### ##.≈...#####
###≈.^# ##†#..#
###^.≈### ##†.#


You could see an emperor scorpion, a spark wasp, a moth of wrath and a hornet.

Vanquished Creatures
  Agnes (D:15)
  2 ghost moths
  An emperor scorpion (Spider:2)
  4 entropy weavers
  2 spark wasps (Spider:4)
  An ettin (Orc:1)
  A fire dragon (Spider:4)
  A catoblepas (D:13)
  3 hydras
  5 centaur warriors
  A death yak (Lair:3)
  2 tengu warriors
  7 orc high priests (Orc:2)
  2 two-headed ogres
  Sonja (D:15)
  2 skeletal warriors
  4 unseen horrors
  2 gelid demonspawn (Orc:2)
  2 torturous demonspawn (Orc:2)
  4 orc knights (Orc:2)
  A phantasmal warrior (D:15)
  5 ugly things
  An oklob plant (Lair:2)
  14 wolf spiders
  12 orb spiders
  A harpy (shapeshifter) (D:13)
  3 orc sorcerers (Orc:2)
  5 manticores
  5 deep elf magi
  2 cyclopes
  2 centaur zombies
  4 elephants (Lair:6)
  A moth of wrath (Spider:2)
  3 gargoyles
  6 spiny frogs
  3 black mambas
  A torpor snail (shapeshifter) (D:14)
  2 torpor snails
  4 rime drakes
  8 komodo dragons
  2 freezing wraiths (D:15)
  5 demonic crawlers
  2 tengu conjurers (D:14)
  25 jumping spiders
  3 meliai (Spider:1)
  8 polar bears
  2 wind drakes
  7 trolls
  A tyrant leech (Lab)
  2 hornets
  A slime creature (Orc:2)
  13 hippogriffs
  A shadow (D:13)
  39 redbacks
  14 tarantellas
  2 spriggans
  35 yaks
  6 wraiths
  6 wyverns
  2 basilisks
  A hungry ghost (D:13)
  A golden eye (Lair:6)
  Grum (D:8)
  3 vampire mosquitoes (D:14)
  9 swamp worms (Spider:2)
  17 water moccasins
  Duvessa (D:7)
  22 orc warriors
  11 porcupines
  4 black bears
  2 sky beasts
  A slave (D:8)
  2 phantoms
  A black bear (shapeshifter) (D:13)
  2 eyes of draining
  2 ice beasts
  A necrophage (D:12)
  A tengu (D:9)
  10 centaurs
  47 wolves
  5 ogres
  18 crocodiles
  2 big kobolds
  17 bullfrogs
  A gnoll sergeant (Orc:1)
  2 water moccasin zombies
  6 scorpions
  Dowan (D:7)
  18 killer bees
  A water moccasin skeleton (D:11)
  10 wights
  An electric eel (Lair:4)
  7 howler monkeys
  10 crimson imps
  2 bullfrog zombies
  7 hounds
  2 quasits
  6 centaur skeletons
  A gnoll shaman (Orc:2)
  A jelly (D:10)
  28 orc priests
  26 orc wizards
  A bullfrog skeleton (D:4)
  2 iguanas
  12 worker ants
  2 hound zombies
  4 hound skeletons
  13 gnolls
  9 adders
  7 river rats (D:5)
  5 shadow imps
  A white imp (D:8)
  An ooze (D:4)
  An adder zombie (D:8)
  10 worms (Spider:2)
  3 dart slugs
  7 leopard geckos
  77 orcs
  3 giant cockroaches
  2 goblins
  10 hobgoblins
  11 jackals
  12 quokkas
  2 ball pythons
  9 bats
  5 frilled lizards
  A jackal skeleton (D:6)
  A jackal zombie (D:6)
  13 kobolds
  2 leopard gecko skeletons
  2 leopard gecko zombies
  24 rats
  2 fungi
  A plant (Lair:6)
873 creatures vanquished.

Vanquished Creatures (collateral kills)
  A ghost moth (Spider:4)
  2 spark wasps
  Harold (Lair:2)
  The ghost of Lunath the Grappler, a journeyman TrMo of Uskayaw (D:11)
  A hydra (Lair:6)
  4 vault guards (D:13)
  A merfolk avatar (Lair:6)
  3 death knights
  Erica (Orc:1)
  A two-headed ogre (D:13)
  An orc high priest (Orc:2)
  A shock serpent (D:12)
  A slime creature (D:14)
  A phantasmal warrior (D:14)
  2 orb spiders (Spider:1)
  3 oklob plants (Lair:2)
  An orc knight (Orc:2)
  Pikel (D:8)
  An orc sorcerer (Orc:2)
  3 cyclopes (D:14)
  A faun (Lair:1)
  3 ugly things
  A manticore (D:11)
  8 wolf spiders
  A black mamba (Lair:1)
  2 spiny frogs
  A demonic crawler (Spider:1)
  2 komodo dragons
  A queen bee (Spider:1)
  7 jumping spiders
  2 trolls
  A hornet (shapeshifter) (D:15)
  A red devil (Orc:2)
  A hornet (Spider:4)
  Prince Ribbit (D:8)
  4 blink frogs (Lair:1)
  2 hippogriffs
  7 tarantellas
  A wyvern (D:14)
  18 redbacks
  11 yaks
  7 wraiths
  3 basilisks (Lair:5)
  A hungry ghost (D:11)
  A warg (Orc:1)
  An acid dragon (D:13)
  A porcupine (Lair:1)
  2 water moccasins
  A swamp drake (D:8)
  An eye of draining (D:15)
  9 orc warriors
  2 phantoms
  3 ogres
  3 sky beasts
  A slave (D:8)
  11 wolves
  A tengu (D:14)
  3 crocodiles
  A centaur (D:11)
  A big kobold (D:14)
  2 bullfrogs
  3 killer bees (Spider:1)
  A quasit (D:13)
  A bullfrog zombie (D:10)
  A jelly (D:13)
  4 orc priests
  5 orc wizards
  2 worker ants
  14 orcs
  2 kobolds (D:14)
  A fungus (Lair:5)
196 creatures vanquished.

Vanquished Creatures (others)
  An azure jelly (D:15)
  2 orb spiders
  A cyclops (D:13)
  A jumping spider (Spider:1)
  A tarantella (Spider:4)
  2 redbacks (Spider:4)
  An ice beast (D:8)
  2 slaves (D:8)
  A wolf (Lair:1)
  A crocodile (Lair:1)
  A bullfrog (D:15)
  An orc priest (Orc:2)
  3 ball lightnings
  2 orcs (Orc:2)
  A bush (Lair:6)
  48 fungi
  46 plants
  2 withered plants (D:15)
117 creatures vanquished.

Grand Total: 1186 creatures vanquished

Notes
Turn   | Place    | Note
-------+----------+-------------------------------------------
     0 | D:1      | tsouns the Human Monk began the quest for the Orb.
     0 | D:1      | Reached XP level 1. HP: 18/18 MP: 1/1
   162 | D:1      | Reached XP level 2. HP: 19/24 MP: 2/2
   460 | D:1      | Reached XP level 3. HP: 28/29 MP: 3/3
  1126 | D:2      | Found a bloodstained altar of Trog.
  1292 | D:2      | Reached XP level 4. HP: 27/35 MP: 4/4
  1445 | D:3      | Found a shimmering altar of Xom.
  1571 | D:3      | Found a faded altar of an unknown god.
  1579 | D:3      | Became a worshipper of Nemelex Xobeh the Trickster
  1579 | D:3      | Received a gift from Nemelex Xobeh
  1579 | D:3      | Reached * piety under Nemelex Xobeh
  1579 | D:3      | Received a gift from Nemelex Xobeh
  1579 | D:3      | Received a gift from Nemelex Xobeh
  1579 | D:3      | Reached ** piety under Nemelex Xobeh
  1601 | D:3      | Received a gift from Nemelex Xobeh
  1988 | D:4      | Reached XP level 5. HP: 32/41 MP: 5/5
  2054 | D:4      | Reached *** piety under Nemelex Xobeh
  2101 | D:4      | Reached XP level 6. HP: 39/48 MP: 6/6
  2204 | D:4      | Reached skill level 5 in Long Blades
  2760 | D:5      | Entered Level 5 of the Dungeon
  2784 | D:5      | Reached skill level 1 in Armour
  2883 | D:4      | Reached XP level 7. HP: 36/55 MP: 7/7
  4204 | D:5      | Reached skill level 5 in Fighting
  4427 | D:5      | Reached XP level 8. HP: 56/62 MP: 8/8
  5332 | D:6      | Received a gift from Nemelex Xobeh
  5440 | D:6      | Found an opulent altar of Gozag.
  5490 | D:6      | Noticed a hippogriff
  5505 | D:6      | Killed a hippogriff
  5505 | D:6      | Reached XP level 9. HP: 31/69 MP: 7/9
  5763 | D:6      | Found a sacrificial altar of Ru.
  5827 | D:6      | Reached skill level 1 in Invocations
  6106 | D:6      | Found an ancient bone altar of Kikubaaqudgha.
  6124 | D:6      | Reached **** piety under Nemelex Xobeh
  6138 | D:6      | Found a shattered altar of Ashenzari.
  6224 | D:6      | Received a gift from Nemelex Xobeh
  6548 | D:7      | Found a stormy altar of Qazlal.
  6549 | D:7      | Received a gift from Nemelex Xobeh
  6614 | D:7      | Noticed Duvessa
  6614 | D:7      | Noticed Dowan
  6619 | D:7      | Killed Dowan
  6641 | D:7      | Killed Duvessa
  6641 | D:7      | Reached skill level 1 in Shields
  6743 | D:7      | Found an opulent altar of Gozag.
  6787 | D:7      | Noticed a hippogriff
  6800 | D:7      | Killed a hippogriff
  7164 | D:7      | Found a staircase to the Ecumenical Temple.
  7320 | D:8      | Received a gift from Nemelex Xobeh
  7444 | D:8      | Found a basalt altar of Yredelemnul.
  7461 | D:8      | Noticed Pikel
  7477 | D:8      | Killed Pikel
  7477 | D:8      | Reached skill level 2 in Invocations
  7654 | D:8      | Noticed Prince Ribbit
  7679 | D:8      | Killed Prince Ribbit
  7679 | D:8      | Reached skill level 3 in Invocations
  7679 | D:8      | Reached XP level 10. HP: 24/77 MP: 12/12
  7817 | D:8      | Received a gift from Nemelex Xobeh
  7931 | D:8      | Reached skill level 4 in Invocations
  7982 | D:8      | Noticed Grum
  7995 | D:8      | Reached skill level 10 in Long Blades
  8022 | D:8      | Killed Grum
  8022 | D:8      | Reached skill level 5 in Shields
  8772 | D:9      | Reached skill level 5 in Invocations
  8899 | D:9      | Found an ornate altar of the Wu Jian Council.
  9003 | D:9      | Reached skill level 1 in Evocations
  9086 | D:9      | Received a gift from Nemelex Xobeh
  9602 | D:9      | Reached skill level 5 in Armour
  9676 | D:9      | Reached ***** piety under Nemelex Xobeh
  9768 | D:9      | Found a white marble altar of Elyvilon.
  9769 | D:9      | Found a glowing silver altar of Zin.
  9769 | D:9      | Found a glowing golden altar of the Shining One.
  9876 | D:9      | Received a gift from Nemelex Xobeh
  9909 | D:9      | Found a deep blue altar of Sif Muna.
  9948 | D:10     | Entered Level 10 of the Dungeon
 10036 | D:10     | Found a white marble altar of Elyvilon.
 10036 | D:10     | Found a runed door.
 10036 | D:10     | Noticed an angel
 10129 | D:10     | Reached XP level 11. HP: 77/84 MP: 15/15
 10307 | D:10     | Reached skill level 6 in Invocations
 10383 | D:10     | Found a staircase to the Lair.
 10414 | D:10     | Received a gift from Nemelex Xobeh
 10632 | D:10     | Received a gift from Nemelex Xobeh
 10791 | Lair:1   | Entered Level 1 of the Lair of Beasts
 11293 | Lair:1   | Reached skill level 7 in Invocations
 11600 | Lair:1   | Received a gift from Nemelex Xobeh
 11994 | Lair:1   | Noticed a faun
 12011 | Lair:1   | Reached XP level 12. HP: 39/94 MP: 17/17
 12061 | Lair:1   | Reached skill level 8 in Invocations
 13590 | Lair:2   | Noticed Harold
 13599 | Lair:2   | Killed Harold
 14108 | Lair:2   | Received a gift from Nemelex Xobeh
 14122 | Lair:2   | Noticed a six-headed hydra
 14123 | Lair:2   | Noticed a spark wasp
 14123 | Lair:2   | a six-headed hydra changed into a spark wasp
 14134 | Lair:2   | Killed a spark wasp
 14134 | Lair:2   | Reached skill level 9 in Invocations
 14457 | D:11     | Noticed Lunath's ghost (journeyman TrMo)
 14469 | D:11     | Killed Lunath's ghost
 14572 | D:11     | Found a staircase to the Orcish Mines.
 14619 | D:11     | Reached ****** piety under Nemelex Xobeh
 14659 | D:11     | Received a gift from Nemelex Xobeh
 14987 | D:11     | Found a radiant altar of Vehumet.
 15144 | D:12     | Reached XP level 13. HP: 73/103 MP: 20/20
 15330 | D:12     | Reached skill level 10 in Fighting
 15351 | D:12     | Received a gift from Nemelex Xobeh
 15780 | D:12     | Found Hoilunur's Magic Scroll Emporium.
 15788 | D:12     | Bought a scroll of acquirement for 676 gold pieces
 15788 | D:12     | Bought a scroll of fear for 45 gold pieces
 15788 | D:12     | Bought a scroll of noise for 13 gold pieces
 15788 | D:12     | Bought a scroll of identify for 26 gold pieces
 16045 | D:12     | Reached skill level 10 in Invocations
 16085 | D:12     | Noticed Sonja
 16400 | D:12     | Noticed Josephine
 16401 | D:12     | Noticed Josephine
 16401 | D:12     | Josephine changed into Josephine the shock serpent
 16408 | D:12     | Received a gift from Nemelex Xobeh
 16410 | D:12     | Killed Josephine the shock serpent
 16547 | D:13     | Found a labyrinth entrance.
 16584 | Lab      | Entered a labyrinth
 16695 | Lab      | Received a gift from Nemelex Xobeh
 17242 | Lab      | Noticed a minotaur
 17255 | Lab      | a minotaur changed into a tyrant leech
 17295 | Lab      | Got a polished scale mail
 17306 | Lab      | Identified the +2 scale mail of the Forest {+Fly rC+++ Str-4 Stlth-} (You found it in a labyrinth)
 17440 | D:13     | Found a gate to the Vaults.
 17440 | D:13     | Noticed a vault guard
 17440 | D:13     | Noticed a catoblepas
 17440 | D:13     | Noticed a vault guard
 17440 | D:13     | Noticed a vault guard
 17441 | D:13     | Noticed a vault guard
 17456 | D:13     | Killed a catoblepas
 17468 | D:13     | Killed a vault guard
 17475 | D:13     | Killed a vault guard
 17488 | D:13     | Killed a vault guard
 17495 | D:13     | Killed a vault guard
 17782 | D:13     | Received a gift from Nemelex Xobeh
 17968 | D:13     | Noticed Nessos
 17969 | D:13     | Noticed Nessos
 17969 | D:13     | Nessos changed into Nessos the wind drake
 17973 | D:13     | Killed Nessos the wind drake
 18193 | D:14     | Reached XP level 14. HP: 96/113 MP: 22/22
 18212 | D:14     | Reached skill level 11 in Invocations
 18632 | D:14     | Received a gift from Nemelex Xobeh
 19057 | D:14     | Received a gift from Nemelex Xobeh
 19547 | D:14     | Reached skill level 5 in Dodging
 19565 | D:14     | Received a gift from Nemelex Xobeh
 20248 | Lair:2   | Received a gift from Nemelex Xobeh
 20825 | Lair:3   | Upgraded the game from 0.21-a0-154-gb5400c9 to 0.21-a0-155-gb8a8bae
 20860 | Lair:3   | Received a gift from Nemelex Xobeh
 21002 | Lair:3   | Reached skill level 12 in Invocations
 21468 | Lair:4   | Received a gift from Nemelex Xobeh
 21595 | Lair:4   | Found a staircase to the Swamp.
 21604 | Lair:4   | Received a gift from Nemelex Xobeh
 21625 | Lair:4   | Found a hole to the Spider Nest.
 22294 | Lair:5   | Received a gift from Nemelex Xobeh
 22370 | Lair:5   | Received a gift from Nemelex Xobeh
 22615 | Lair:6   | Entered Level 6 of the Lair of Beasts
 22699 | Lair:6   | Reached XP level 15. HP: 91/120 MP: 24/24
 23273 | Lair:6   | Received a gift from Nemelex Xobeh
 23523 | Lair:6   | Reached skill level 10 in Armour
 23530 | Lair:6   | Found a viscous altar of Jiyva.
 23530 | Lair:6   | Found a staircase to the Slime Pits.
 23801 | Lair:6   | Learned a level 9 spell: Fire Storm
 24293 | Orc:1    | Entered Level 1 of the Orcish Mines
 24295 | Orc:1    | Noticed Erica
 24298 | Orc:1    | Found Udwair's Food Emporium.
 24307 | Orc:1    | Killed Erica
 24554 | Orc:1    | Received a gift from Nemelex Xobeh
 24875 | Orc:2    | Entered Level 2 of the Orcish Mines
 24898 | Orc:2    | Reached skill level 13 in Invocations
 24961 | Orc:2    | Found Namixaoc's Magic Scroll Boutique.
 24963 | Orc:2    | Found Tebreummou's Magic Scroll Shop.
 24992 | Orc:2    | Bought a scroll of teleportation for 36 gold pieces
 24992 | Orc:2    | Bought a scroll of blinking for 90 gold pieces
 24992 | Orc:2    | Bought a scroll of identify for 24 gold pieces
 24992 | Orc:2    | Bought a scroll of identify for 24 gold pieces
 24992 | Orc:2    | Bought a scroll of fear for 42 gold pieces
 24992 | Orc:2    | Bought a scroll of fear for 42 gold pieces
 24994 | Orc:2    | Bought a scroll of enchant weapon for 90 gold pieces
 24994 | Orc:2    | Bought a scroll of blinking for 90 gold pieces
 25552 | Orc:2    | HP: 2/122 [orc high priest/divine providence (16)]
 25996 | Orc:2    | Received a gift from Nemelex Xobeh
 26304 | Orc:2    | Received a gift from Nemelex Xobeh
 26436 | Orc:2    | Reached XP level 16. HP: 108/129 MP: 25/25
 26468 | Orc:2    | Found Deicon's Antique Weapon Shoppe.
 26468 | Orc:2    | Found Najogi's Gadget Emporium.
 26469 | Orc:2    | Found a one-way gate leading to the halls of Pandemonium.
 26587 | Orc:2    | Found a staircase to the Elven Halls.
 26603 | Orc:2    | Received a gift from Nemelex Xobeh
 26821 | D:15     | Entered Level 15 of the Dungeon
 26824 | D:15     | Received a gift from Nemelex Xobeh
 26861 | D:15     | Found a staircase to the Depths.
 26861 | D:15     | Noticed a fire giant
 26864 | D:15     | Noticed an azure jelly
 26864 | D:15     | a fire giant changed into an azure jelly
 26877 | D:15     | Killed an azure jelly
 26885 | D:15     | Found a basalt altar of Yredelemnul.
 26944 | D:15     | Noticed Agnes
 26959 | D:15     | Killed Agnes
 26997 | D:15     | Killed Sonja
 27343 | D:15     | Received a gift from Nemelex Xobeh
 28014 | D:15     | Received a gift from Nemelex Xobeh
 28617 | Spider:1 | Entered Level 1 of the Spider Nest
 28641 | Spider:1 | Reached skill level 14 in Invocations
 28647 | Spider:1 | Received a gift from Nemelex Xobeh
 29822 | Spider:2 | Reached XP level 17. HP: 64/137 MP: 27/27
 30354 | Spider:2 | Received a gift from Nemelex Xobeh
 31031 | Spider:3 | Received a gift from Nemelex Xobeh
 31509 | Spider:3 | Received a gift from Nemelex Xobeh
 32023 | Spider:4 | Entered Level 4 of the Spider Nest
 32177 | Spider:4 | Received a gift from Nemelex Xobeh
 32458 | Spider:4 | Reached skill level 10 in Shields
 32476 | Spider:4 | Reached skill level 15 in Invocations
 33263 | Spider:4 | HP: 4/137 [emperor scorpion (18)]
 33264 | Spider:4 | Killed from afar by a spark wasp

Vault maps used:
D:1:      saegor_arrival_simple_f
D:2:      bloody_trog, minivault_26
D:3:      lemuel_doored_altar, first_bread, chequers_ecumenical_altar_simple
D:4:      minmay_joined_circles
D:5:      lemuel_ratsnest, nicolae_ossuary_entry_ruins, due_unseen_surprise
D:6:      lemuel_round_altar, nicolae_ru_great_annihilating_truth,
          lemuel_crystal_altar, nicolae_gozag_seed_capital
D:7:      kennysheep_mini, grunt_qazlal_sundering,
          minmay_temple_entry_junction_2, serial_glass, glass_columns_a,
          glass_columns_b, uniq_duvessa
D:8:      lemuel_round_altar, minmay_nine_imps, uniq_pikel, uniq_prince_ribbit1,
          uniq_grum
D:9:      kennysheep_orc_sif_temple, good_gods_temple_1,
          overflow_temple_1_default
D:10:     due_lair_maze_entry_diamond, the_bakery, lemuel_angel_altar
D:11:     orc_0_dummy, basic_altar
D:12:     serial_shops, shop, uniq_josephine, uniq_sonja
D:13:     lightli_vaults_fourway_checkpoint, lab_entry_generic,
          minmay_misc_feat_tiny, uniq_nessos
D:15:     grunt_enter_depths_giant_problem, yredelemnul_altar_generic,
          uniq_agnes
Lair:1:   beast_lair_carwin_large_2, grunt_forest_large_clearings,
          serial_bayou_shore_b
Lair:2:   minmay_holes, serial_bayou_shore_b, minmay_lair_oklob_chamber,
          uniq_harold
Lair:3:   minmay_hedge_maze, st_stairs_9, lemuel_another_geyser
Lair:4:   swamp_mist_pool, spider_nest_entry_rubble
Lair:5:   kennysheep_basilisk_garden, infiniplex_staircase_pool_2,
          lemuel_fruit_fields
Lair:6:   gammafunk_lair_ancient_temple, slime_altar_1, serial_bayou_shore_b
Spider:1: special_room
Spider:2: worms_lemuel
Spider:4: spider_rune_water, nicolae_spider_circle_web, guppyfry_spider_mini_1
Orc:1:    serial_shops, nicolae_shop_stone, nicolae_orc_bridge_out, uniq_erica
Orc:2:    pf_orc_diabolical
Lab:      labyrinth_watery, nicolae_lab_flowing_pool

Skill      XL: |  1  2  3  4  5  6  7  8  9 10 11 12 13 14 15 16 17 |
---------------+----------------------------------------------------+-----
Long Blades    | 4 5 6 8 9 10 11 12 14 | 14.4
Stealth        | 3 |  3.7
Fighting       | 4 5 6 7 8 9 11 12 13 | 13.4
Armour         | 1 2 3 4 5 7 9 10 11 12 | 12.1
Invocations    | 3 5 7 9 10 12 13 14 15 | 15.3
Shields        | 3 5 8 11 | 11.1
Evocations     | 1 |  1.6
Dodging        | 6 8 9 |  9.4

Action                   |  1- 3 |  4- 6 |  7- 9 | 10-12 | 13-15 | 16-18 || total
-------------------------+-------+-------+-------+-------+-------+-------++-------
Melee: Falchion          |   116 |   201 |   197 |       |       |       ||   514
       Long sword        |       |       |   364 |   191 |       |       ||   555
       Scimitar          |       |       |       |   574 |   122 |       ||   696
       Demon blade       |       |       |       |       |  1183 |   841 ||  2024
Throw: Stone             |       |       |    30 |       |       |       ||    30
Invok: Triple Draw       |       |       |     3 |     3 |     1 |       ||     7
       Deal Four         |       |       |       |       |       |     1 ||     1
Evoke: Wand              |       |     1 |     2 |     3 |       |     1 ||     7
       Deck              |       |       |     1 |    54 |    94 |    76 ||   225
  Use: Scroll            |       |    15 |     3 |    14 |    19 |    10 ||    61
       Potion            |       |       |     7 |     5 |     4 |     2 ||    18
 Stab: Sleeping          |     7 |       |     2 |       |     1 |       ||    10
       Confused          |       |       |    11 |       |       |       ||    11
       Paralysed         |       |       |     4 |       |       |       ||     4
       Distracted        |       |       |     1 |     1 |       |     3 ||     5
       Petrifying        |       |       |       |       |     2 |       ||     2
       Petrified         |       |       |       |       |     1 |       ||     1
       Fleeing           |       |       |       |       |       |     2 ||     2
  Eat: Chunk             |     1 |     6 |     2 |    12 |    10 |       ||    31
       Fruit             |       |       |    14 |     8 |    23 |     4 ||    49
       Royal jelly       |       |       |     1 |     1 |     6 |     5 ||    13
       Bread ration      |       |       |       |     1 |       |     2 ||     3
Armor: Robe              |    16 |       |       |       |       |       ||    16
       Chain mail        |    24 |    35 |       |       |   455 |       ||   514
       Scale mail        |       |    63 |   194 |    51 |       |       ||   308
       Plate armour      |       |       |       |   388 |   112 |   557 ||  1057
       Skin              |       |       |       |    14 |       |       ||    14
Dodge: Dodged            |    74 |    97 |   269 |   237 |   412 |   309 ||  1398
Block: Buckler           |       |       |    27 |   179 |   239 |    42 ||   487
       Shield            |       |       |       |       |       |   369 ||   369
       Rpst.: Falchion   |    29 |    24 |    27 |       |       |       ||    80
       Long sword        |       |       |    48 |    18 |       |       ||    66
       Scimitar          |       |       |       |    43 |     8 |       ||    51
       Demon blade       |       |       |       |       |   112 |    62 ||   174
